 Dungeon Crawl Stone Soup version 0.30.0-20-g3615ddf2f0 (webtiles) character file.

Game seed: 16421936044586637681

1235 qw the Cleaver (level 8, -9/51 HPs)
             Began as a Gargoyle Fighter on June 1, 2023.
             Mangled by an ogre
             ... wielding a +0 giant spiked club
              (17 damage)
             ... on level 6 of the Dungeon.
             The game lasted 00:02:46 (4480 turns).

qw the Cleaver (Gargoyle Fighter)                   Turns: 4480, Time: 00:02:46

Health: -9/51      AC: 15    Str: 22    XL:     8   Next: 49%
Magic:  8/8        EV:  8    Int:  9    God:
Gold:   384        SH:  4    Dex:  9    Spells: 7/7 levels left

rFire   . . .        j - +0 war axe (vamp)
rCold   . . .        c - +0 buckler
rNeg    + . .        h - +0 chain mail
rPois   inf          (no helmet)
rElec   +            (no cloak)
rCorr   .            n - +0 pair of gloves
SInv    +            (no boots)
Will    .....        (no amulet) Stlth
                     p - ring of see invisible
HPRegen 0.28/turn    (no ring)
MPRegen 0.11/turn

%: no passive effects
@: no status effects
A: sickness immunity, AC +5, negative energy resistance 1, electricity
resistance, torment resistance 1, petrification resistance
a: no special abilities


You were on level 6 of the Dungeon.
You visited 2 branches of the dungeon, and saw 7 of its levels.

You collected 384 gold pieces.


Innate Abilities, Weirdness & Mutations

You are immune to sickness and miasma.
Your stone body is resilient. (AC +5)
You are immune to poison.
You resist negative energy. (rN+)
You are resistant to electric shocks. (rElec)
You are resistant to unholy torment.
You are immune to petrification.


   Skills:
 + Level 5.7 Fighting
 - Level 8.0 Axes
 - Level 1.3 Throwing
 - Level 3.2 Armour
 - Level 1.3 Dodging
 - Level 3.2 Shields


You had 7 spell levels left.
You didn't know any spells.
Your spell library was empty.

Inventory:

Hand Weapons
 f - a +2 antimagic flail
 j - a +0 vampiric war axe (weapon)
 o - the +4 war axe of Truth {freeze, rN+}
   (You found it on level 2 of the Dungeon)

   rN:        It protects you from negative energy.
Missiles
 g - 2 boomerangs (quivered)
Armour
 c - a +0 buckler (worn)
 h - a +0 chain mail (worn)
 n - a +0 pair of gloves (worn)
Jewellery
 p - a ring of see invisible (left hand)
Scrolls
 q - a scroll of identify
Potions
 a - 3 potions of attraction
 d - 2 potions of might
 e - a potion of resistance
 i - a potion of ambrosia {unknown}
 k - a potion of invisibility {unknown}
 l - a potion of haste
 m - a potion of mutation {unknown}
 r - a potion of magic {unknown}
 s - a potion of berserk rage {unknown}

Dungeon Overview and Level Annotations

Branches:
Dungeon (6/15)             Temple (1/1) D:4

Altars:
Ashenzari
Cheibriados
Dithmenos
Elyvilon
Fedhas
Gozag
Hepliaklqana
Kikubaaqudgha
Makhleb
Nemelex Xobeh
Qazlal
Ru
Sif Muna
Trog
Uskayaw
Vehumet
Wu Jian
Xom
Yredelemnul
Zin
The Shining One

Shops:
D:2 [


Message History

Enter note:
Enter note:
Enter note: You throw a boomerang.
The boomerang hits the ogre.
The ogre is lightly wounded.
A howler monkey comes into view.
4471 ||| Stepping ~*~*~tactically~*~*~ (stealth).
4472 ||| Stepping ~*~*~tactically~*~*~ (stealth).
You throw a boomerang. The boomerang hits the ogre.
The ogre is moderately wounded.
You completely miss the ogre.
The ogre is moderately wounded.
You slash the ogre! The ogre hits you with a +0 giant club!
The ogre closely misses you.
You completely miss the ogre.
The ogre is moderately wounded.
You slash the ogre! The ogre barely misses you.
The ogre hits you with a +0 giant spiked club!
You hit the ogre.
You feel better.
The ogre is severely wounded.
You barely miss the ogre. You closely miss the ogre.
The ogre is severely wounded.
The howler monkey howls!
You slash the ogre!
You feel better.
You hear a shout!
The ogre barely misses you. x2
A centaur comes into view.
You barely miss the ogre.
The ogre is severely wounded.
You hit the ogre but do no damage. The ogre hits you with a +0 giant club!
The ogre hits you with a +0 giant spiked club.
You barely miss the ogre.
The ogre is severely wounded.
You hit the ogre. The ogre hits you with a +0 giant club!
The ogre hits you with a +0 giant spiked club!
You die...

h. ?.. ..}. ##### ....##...#
. ....c.O..# . ....h.O@.# .
.........# .........# #...
#########.# ......## #.#
##### ##..> ...## #.# #...#
##... ....######.### #...#
...####.#...........####...#
...........####.......##...#


You could see 2 ogres, a centaur and a howler monkey.

Vanquished Creatures
  Eustachio (D:5)
  A water moccasin (D:5)
  A centaur (D:5)
  Blork the orc (D:5)
  A bullfrog (D:5)
  3 scorpions
  A howler monkey (D:4)
  3 hounds
  2 jellies
  3 sleepcaps
  An iguana (D:4)
  4 orc wizards (D:4)
  6 adders
  3 gnolls (D:4)
  A shadow imp (D:6)
  An ufetubus (D:5)
  2 dart slugs
  23 orcs
  5 bats
  4 endoplasms
  5 giant cockroaches
  7 goblins
  6 hobgoblins
  A quokka (D:2)
  9 ball pythons
  4 frilled lizards
  4 kobolds
  11 rats
114 creatures vanquished.

Notes
Turn   | Place    | Note
-------+----------+-------------------------------------------
     0 | D:1      | qw the Gargoyle Fighter began the quest for the Orb.
     0 | D:1      | Reached XP level 1. HP: 14/14 MP: 1/1
     0 | D:1      | 0 ||| qw: Version: 0.2-a-102-gdf20003
     0 | D:1      | 0 ||| qw: Game counter: 696
     0 | D:1      | 0 ||| qw: Always use a shield: true
     0 | D:1      | 0 ||| qw: God list: Okawaru
     0 | D:1      | 0 ||| qw: Allow faded altars: false
     0 | D:1      | 0 ||| qw: Do Orc after D:15 true
     0 | D:1      | 0 ||| qw: Do second Lair branch before Depths: true
     0 | D:1      | 0 ||| qw: Lair rune preference: random
     0 | D:1      | 0 ||| qw: Plans: Normal, Zot:1-4, Slime:5, God:TSO, Crypt,
                  | Tomb, Pan, Hells, Abyss, Win
     0 | D:1      | 0 ||| PLANNING D:1-11
    24 | D:1      | Reached skill level 2 in Axes
   121 | D:1      | 121 ||| Stepping ~*~*~tactically~*~*~ (stealth).
   123 | D:1      | 123 ||| Stepping ~*~*~tactically~*~*~ (stealth).
   130 | D:1      | 130 ||| Stepping ~*~*~tactically~*~*~ (stealth).
   132 | D:1      | 132 ||| Stepping ~*~*~tactically~*~*~ (stealth).
   134 | D:1      | 134 ||| Stepping ~*~*~tactically~*~*~ (stealth).
   137 | D:1      | Reached XP level 2. HP: 19/19 MP: 2/2
   144 | D:1      | 144 ||| READING scroll labelled TISASA ILID.
   145 | D:1      | 145 ||| READING scroll labelled XONUNY IZXISK.
   485 | D:1      | 485 ||| DRINKING 2 murky inky potions.
   684 | D:1      | 684 ||| READING scroll labelled ACYNEGR OGEW.
   685 | D:1      | 685 ||| READING scroll labelled KUD SARUZUSTRU.
   686 | D:1      | 686 ||| DRINKING 2 emerald potions.
   701 | D:1      | Reached skill level 3 in Axes
   780 | D:2      | Reached XP level 3. HP: 23/23 MP: 3/3
   828 | D:2      | 828 ||| READING scroll labelled EHAKIKHAIN.
  1104 | D:2      | 1104 ||| Stepping ~*~*~tactically~*~*~ (hiding).
  1348 | D:2      | Found Kaczoet's Antique Armour Boutique.
  1369 | D:2      | 1369 ||| SHOPLISTING chain mail (126 gold, have 106).
  1369 | D:2      | 1369 ||| SHOPLISTING cloak (126 gold, have 106).
  1369 | D:2      | 1369 ||| SHOPLISTING glowing ring mail (196 gold, have
                  | 106).
  1369 | D:2      | 1369 ||| SHOPLISTING runed buckler (210 gold, have 106).
  1369 | D:2      | 1369 ||| SHOPLISTING shimmering leather armour (196 gold,
                  | have 106).
  1488 | D:2      | Reached XP level 4. HP: 27/28 MP: 4/4
  1518 | D:2      | Identified the +4 war axe of Truth {freeze, rN+}
  1716 | D:2      | 1716 ||| READING scroll labelled HOANUT FUKU.
  1717 | D:2      | 1717 ||| READING scroll labelled VOHOVUHUNU.
  1835 | D:3      | Reached skill level 4 in Axes
  1892 | D:3      | 1892 ||| Stepping ~*~*~tactically~*~*~ (stealth).
  1894 | D:3      | 1894 ||| Stepping ~*~*~tactically~*~*~ (stealth).
  2144 | D:3      | 2144 ||| Stepping ~*~*~tactically~*~*~ (stealth).
  2145 | D:3      | 2145 ||| Stepping ~*~*~tactically~*~*~ (stealth).
  2334 | D:3      | 2334 ||| DRINKING 2 purple potions.
  2335 | D:3      | 2335 ||| DRINKING 2 blue potions.
  2336 | D:3      | 2336 ||| DRINKING 2 black potions.
  2337 | D:3      | 2337 ||| DROPPING potion of brilliance.
  2382 | D:4      | Noticed a scorpion
  2402 | D:4      | Killed a scorpion
  2403 | D:4      | Reached XP level 5. HP: 16/32 MP: 5/5
  2474 | D:4      | 2474 ||| Stepping ~*~*~tactically~*~*~ (stealth).
  2480 | D:4      | Reached skill level 5 in Axes
  2624 | D:4      | Reached XP level 6. HP: 39/39 MP: 6/6
  2651 | D:4      | 2651 ||| Stepping ~*~*~tactically~*~*~ (stealth).
  2675 | D:4      | 2675 ||| DROPPING +0 whip.
  2774 | D:4      | Reached skill level 1 in Dodging
  2788 | D:4      | HP: 7/39 [orc wizard/magic dart (6)]
  2789 | D:4      | 2789 ||| DRINKING potion of heal wounds.
  2931 | D:4      | Found a shimmering blue altar of Sif Muna.
  3038 | D:4      | Found a hazy altar of Hepliaklqana.
  3042 | D:4      | Found a hide-covered altar of Uskayaw.
  3131 | D:4      | Found a staircase to the Ecumenical Temple.
  3132 | D:4      | 3132 ||| PLANNING TEMPLE
  3132 | D:4      | 3132 ||| UPGRADING to +0 pair of gloves.
  3137 | D:4      | 3137 ||| UPGRADING to ring of see invisible.
  3138 | D:4      | 3138 ||| READING scroll labelled ISUCKIBRER.
  3139 | D:4      | 3139 ||| READING scroll labelled POLOCK YMAOWE.
  3145 | Temple   | Entered the Ecumenical Temple
  3145 | Temple   | Found a transporter.
  3145 | Temple   | Found a transporter.
  3147 | Temple   | Found a transporter.
  3147 | Temple   | Found a transporter.
  3157 | Temple   | 3157 ||| PLANNING D:1-11
  3358 | D:4      | 3358 ||| Stepping ~*~*~tactically~*~*~ (hiding).
  3375 | D:4      | Reached XP level 7. HP: 44/44 MP: 7/7
  3414 | D:5      | Entered Level 5 of the Dungeon
  3424 | D:5      | Reached skill level 6 in Axes
  3439 | D:5      | 3439 ||| DROPPING +0 flail.
  3469 | D:5      | Noticed Blork the orc
  3479 | D:5      | Killed Blork the orc
  3685 | D:5      | Noticed Eustachio
  3692 | D:5      | 3692 ||| Stepping ~*~*~tactically~*~*~ (stealth).
  3712 | D:5      | HP: 10/44 [white imp/puff of frost[Eustachio] (4)]
  3713 | D:5      | 3713 ||| READING scroll of teleportation.
  3713 | D:5      | HP: 1/44 [white imp/puff of frost[Eustachio] (9)]
  3920 | D:5      | Reached skill level 7 in Axes
  4019 | D:5      | Killed Eustachio
  4083 | D:5      | 4083 ||| UPGRADING to +0 chain mail.
  4093 | D:5      | 4093 ||| DROPPING +0 scale mail.
  4121 | D:6      | 4121 ||| STAIRDANCE
  4125 | D:5      | Reached skill level 1 in Throwing
  4125 | D:5      | Reached XP level 8. HP: 49/49 MP: 8/8
  4130 | D:6      | 4130 ||| STAIRDANCE
  4318 | D:6      | 4318 ||| Stepping ~*~*~tactically~*~*~ (stealth).
  4333 | D:6      | Reached skill level 8 in Axes
  4403 | D:6      | Found a white marble altar of Elyvilon.
  4445 | D:6      | 4445 ||| Stepping ~*~*~tactically~*~*~ (stealth).
  4446 | D:6      | 4446 ||| Stepping ~*~*~tactically~*~*~ (stealth).
  4471 | D:6      | 4471 ||| Stepping ~*~*~tactically~*~*~ (stealth).
  4472 | D:6      | 4472 ||| Stepping ~*~*~tactically~*~*~ (stealth).
  4480 | D:6      | HP: 8/51 [ogre/+0 giant club (14)]
  4480 | D:6      | Mangled by an ogre

Levels and vault maps discovered:
D:1:      amcnicky_arrival_underground_garden, layout_rooms, serial_glass,
          glass_columns_b, glass_columns_a, minmay_strange_pillars,
          item_on_display_a, minmay_strange_pillars, due_unseen_surprise,
          minmay_misc_feat_roman, item_on_display_a
D:2:      layout_loops_ring, serial_aquarium, aquarium_bridge_long_separate
          [aquarium_subvault_bridge, aquarium_subvault_balcony,
          aquarium_subvault_window, aquarium_subvault_window,
          aquarium_subvault_bridge, aquarium_subvault_bridge],
          aquarium_window_fake, aquarium_window_3, aquarium_window_fake,
          aquarium_window_2, aquarium_view_2b, aquarium_view_2b,
          aquarium_balcony_1a, serial_shops, shop
D:3:      layout_loops_cross
D:4:      layout_gridville, tgw_sif, minitemple, minmay_temple_entry_hall,
          minmay_misc_feat_columns, grunt_ministairs_7
D:5:      layout_rooms, kennysheep_cross_room, uniq_eustachio,
          uniq_blork_the_orc
D:6:      layout_rooms, lemuel_tele_altar, grunt_ministairs_9
Temple:   hellmonk_temple_divided_pantheon

Skill      XL: |  1  2  3  4  5  6  7  8 |
---------------+-------------------------+-----
Axes           | 2 3 4 5 7 8 |  8.0
Fighting       | 4 5 |  5.7
Dodging        | 1 |  1.3
Throwing       | 1 |  1.3
Armour         | |  3.2
Shields        | |  3.2

Action                     |  1- 3 |  4- 6 |  7- 9 || total
---------------------------+-------+-------+-------++-------
  Melee: War axe           |   106 |   162 |   137 ||   405
  Throw: Boomerang         |       |    27 |    30 ||    57
    Use: Scroll            |     5 |     4 |     1 ||    10
         Potion            |     2 |     4 |       ||     6
 Armour: Scale mail        |    47 |   101 |    86 ||   234
         Chain mail        |       |       |    23 ||    23
  Dodge: Dodged            |    44 |    64 |    90 ||   198
  Block: Buckler           |    17 |    30 |    43 ||    90

Table legend:
 A = Non-vault XP
 B = Vault XP
 C = Vault XP percentage of total XP
 D = Non-vault monster count
 E = Vault monster count
 F = Vault count percentage of total count
                 A         B        C        D         E       F
            +---------+---------+-------+---------+---------+-------
      Total |    1431 |     334 |  18.9 |     109 |       5 |   4.4
            +---------+---------+-------+---------+---------+-------
        D:1 |      32 |       0 |   0.0 |      20 |       0 |   0.0
        D:2 |      62 |       0 |   0.0 |      24 |       0 |   0.0
        D:3 |      49 |       0 |   0.0 |      14 |       0 |   0.0
        D:4 |     460 |      40 |   8.0 |      26 |       3 |  10.3
        D:5 |     483 |     294 |  37.8 |      18 |       2 |  10.0
        D:6 |     345 |       0 |   0.0 |       7 |       0 |   0.0
            +---------+---------+-------+---------+---------+-------
